 Dungeon Crawl Stone Soup version 0.30.1-11-g7821555f0a (webtiles) character file.

Game seed: 2171917802256057901

36 fireball365 the Trooper (level 3, 0/33 HPs)
             Began as a Hill Orc Fighter on Dec 14, 2023.
             Slain by Sigmund
             ... wielding a +0 scythe
              (10 damage)
             ... on level 2 of the Dungeon.
             The game lasted 00:02:29 (1092 turns).

fireball365 the Trooper (Hill Orc Fighter)          Turns: 1092, Time: 00:02:29

Health: 0/33       AC:  8    Str: 20    XL:     3   Next: 37%
Magic:  3/3        EV:  9    Int:  8    God:
Gold:   29         SH:  4    Dex: 10    Spells: 2/2 levels left

rFire   . . .        a - +0 war axe
rCold   . . .        c - +0 buckler
rNeg    . . .        b - +0 scale mail
rPois   .            (no helmet)
rElec   .            l - scarf {repulsion}
rCorr   .            (no gloves)
SInv    .            j - +0 pair of boots
Will    .....        (no amulet) Stlth
                     (no ring)
HPRegen 0.25/turn    (no ring)
MPRegen 0.08/turn

%: repel missiles
@: mighty
A: no striking features
a: no special abilities


You were on level 2 of the Dungeon.
You visited 1 branch of the dungeon, and saw 2 of its levels.

You collected 29 gold pieces.

Inventory:

Hand Weapons
 a - a +0 war axe (weapon)
Missiles
 k - 4 silver boomerangs (quivered)
Armour
 b - a +0 scale mail (worn)
 c - a +0 buckler (worn)
 i - a +0 plate armour
 j - a +0 pair of boots (worn)
 l - a scarf of repulsion (worn)
Scrolls
 e - a scroll of enchant weapon {unknown}
 f - a scroll of identify {unknown}
 g - 2 scrolls of blinking {unknown}
 m - a scroll of immolation {unknown}
 n - a scroll of enchant armour {unknown}
Potions
 h - a potion of curing {unknown}


   Skills:
 + Level 4.1 Fighting
 + Level 3.4 Axes
 + Level 3.7 Armour
 + Level 0.1 Dodging
 + Level 3.6 Shields


You had 2 spell levels left.
You didn't know any spells.
Your spell library was empty.

Dungeon Overview and Level Annotations

Branches:
Dungeon (2/15)

Altars:

Shops:
D:1 [

Annotations:
D:2 Sigmund


Message History

Sigmund gestures at you while chanting. You resist with significant effort.
You block Sigmund's attack.
You slash Sigmund!
Sigmund is heavily wounded.
Sigmund hits you with a +0 scythe.
You closely miss Sigmund.
Sigmund is heavily wounded.
You hit Sigmund.
Sigmund is heavily wounded.
Sigmund hits you with a +0 scythe!
You closely miss Sigmund.
Sigmund is heavily wounded.
Sigmund hits you with a +0 scythe.
You barely miss Sigmund.
Sigmund is heavily wounded.
Sigmund barely misses you.
You closely miss Sigmund.
Sigmund is heavily wounded.
Sigmund barely misses you.
You closely miss Sigmund.
Sigmund is heavily wounded.
Sigmund closely misses you.
You closely miss Sigmund.
Sigmund is heavily wounded.
Sigmund gestures at you while chanting.
You are confused.
You bump into the rock wall.
Sigmund gestures wildly while chanting.
Sigmund flickers and vanishes!
Deactivating autopickup; reactivate with Ctrl-A.
You miss something. Something hits you but does no damage.
You bump into the rock wall.
Something hits you but does no damage.
You barely miss something. Something hits you!
* * * LOW HITPOINT WARNING * * *
You feel less confused.
You feel very mighty all of a sudden. Something hits you but does no damage.
Something hits you but does no damage.
You miss something. Something hits you!
You die...

#.#
#.#
#.#
#.#
#.#
...
#.#
###
#.#
#.#
#.#
#.#
#@#
#{#
#h#
#h#
#h#
#h#
#.#
#.#


You could see 4 jackals.

Vanquished Creatures
  An adder (D:2)
  5 ball pythons (D:1)
  5 endoplasms (D:1)
  A giant cockroach (D:1)
  A hobgoblin (D:1)
  2 quokkas (D:1)
  5 goblins (D:1)
  2 kobolds (D:1)
  A rat (D:1)
23 creatures vanquished.

Notes
Turn   | Place    | Note
-------+----------+-------------------------------------------
     0 | D:1      | fireball365 the Hill Orc Fighter began the quest for the
                  | Orb.
     0 | D:1      | Reached XP level 1. HP: 19/19 MP: 1/1
   192 | D:1      | Reached XP level 2. HP: 27/27 MP: 2/2
   319 | D:1      | Found Egamp's Armour Boutique.
   439 | D:1      | Reached skill level 4 in Fighting
   441 | D:1      | Found a faded altar of an unknown god.
   528 | D:1      | Reached XP level 3. HP: 33/33 MP: 3/3
  1069 | D:2      | Noticed Sigmund
  1092 | D:2      | Slain by Sigmund

Illustrated notes

Levels and vault maps discovered:
D:1:      heliophobic_arrival_ceremonial_halls, layout_loops_ring, serial_shops,
          nicolae_shop_advertising_works [nicolae_subvault_shop_adworks],
          nicolae_ecumenical_snake_handling
D:2:      layout_basic, uniq_crazy_yiuf_cottage, uniq_terence, uniq_sigmund,
          uniq_robin

Skill      XL: |  1  2 |
---------------+-------+-----
Axes           | 3 |  3.4
Fighting       | 4 |  4.1
Armour         | |  3.7
Dodging        | |  0.1
Shields        | |  3.6

Action                     || total
---------------------------++-------
  Melee: War axe           ||    72
    Use: Potion            ||     1
 Armour: Scale mail        ||    29
  Dodge: Dodged            ||    41
  Block: Buckler           ||    30
